 Dungeon Crawl Stone Soup version 0.32-a0-576-g706899e69d (console) character file.

Game seed: 8681551401225129138

1638513 elliptic the Conqueror (level 27, 273/273 HPs)
             Began as a Coglin Earth Elementalist on Mar 1, 2024.
             Was the Champion of Vehumet.
             Escaped with the Orb
             ... and 3 runes!
             The game lasted 04:59:57 (72073 turns).

elliptic the Conqueror (Coglin Earth Elementalist) Turns: 72073, Time: 04:59:58

Health: 273/273    AC: 18    Str: 14    XL:     27
Magic:  51/51      EV: 17    Int: 29    God:    Vehumet [******]
Gold:   2307       SH:  0    Dex: 14    Spells: 5/56 levels left

rFire   + + .        a - staff of earth {norare}
rCold   + + .        b - staff of earth {Cyneburga}
rNeg    . . .        o - +3 leather armour {rF+} {nodragon}
rPois   .            Y - +2 helmet {Int+3}
rElec   .            W - +2 cloak {rF+}
rCorr   .            y - +2 pair of gloves
SInv    .            V - +0 pair of boots of the Alphagorgon {MP+9 Str+4}
Will    ++...        (amulet unavailable)
Stlth   +            (ring unavailable)
HPRegen 1.45/turn    (ring unavailable)
MPRegen 0.72/turn    h - automatic retrowhirligig {rC+ Regen+ RegenMP+ Slay+3}

%: no passive effects
@: hasted, very quick
A: off-hand wielding, slow wielding, warmup strikes, no jewellery, cold
resistance 1, dopey 1, sense surroundings 1, robust 1
0: Orb of Zot
}: 3/15 runes: serpentine, barnacled, silver
a: Renounce Religion


You escaped.
You worshipped Vehumet.
Vehumet was exalted by your worship.
You visited 12 branches of the dungeon, and saw 52 of its levels.
You visited the Abyss 1 time.
You also visited: Gauntlet and Volcano.

You collected 11045 gold pieces.
You spent 8738 gold pieces at shops.


Innate Abilities, Weirdness & Mutations

You can wield a second weapon in your off-hand.
It takes a long time for you to wield or remove held weapons.
Your first few attacks do less damage.
You cannot equip rings or amulets.
Your flesh is cold resistant. (rC+)
You are dopey. (Int -2)
You passively map a small area around you.
You are robust. (+10% HP)


   Skills:
 O Level 27 Fighting
 - Level 6.4 Armour
 - Level 11.1 Dodging
 - Level 1.5 Stealth
 - Level 15.0 Spellcasting
 - Level 16.0 Conjurations
 - Level 3.0 Translocations
 - Level 5.0 Air Magic
 + Level 26.9 Earth Magic
 - Level 5.1 Alchemy


You had 5 spell levels left.
You knew the following spells:

 Your Spells              Type           Power      Damage    Failure   Level
a - Lehudib's Crystal Sp  Conj/Erth      73%        10d16     1%          8
d - Irradiate             Conj/Alch      35%        3d23      1%          5
e - Arcjolt               Conj/Air       35%        1d45      1%          5
j - Passwall              Erth           100%       N/A       0%          3
q - Bombard               Conj/Erth      73%        9d12      1%          6
s - Swiftness             Air            50%        N/A       1%          3
v - Blink                 Tloc           78%        N/A       1%          2
w - Lee's Rapid Deconstr  Erth           79%        3d35*     0%          5
A - Apportation           Tloc           78%        N/A       1%          1
Q - Shatter               Erth           79%        3d57*     1%          9
X - Iskenderun's Mystic   Conj/Tloc      67%        2d14      1%          4

Your spell library contained the following spells:

 Spells                   Type           Power      Damage    Failure   Level
 Polar Vortex             Ice            10%        12d1*     100%        9
 Magic Dart               Conj           100%       1d8       0%          1
 Sandblast                Erth           100%       2d20      0%          1
 Stone Arrow              Conj/Erth      100%       3d13      0%          3
 Brom's Barrelling Bould  Conj/Erth      100%       2d11      0%          4
 Kiss of Death            Conj/Necr      100%       2d13      1%          1
 Shock                    Conj/Air       100%       1d9       1%          1
 Sting                    Conj/Alch      100%       1d9       1%          1
 Cigotuvi's Dreadful Rot  Necr/Alch/Air  82%        N/A       1%          2
 Lesser Beckoning         Tloc           78%        N/A       1%          2
 Mercury Vapours          Alch/Air       100%       N/A       1%          2
 Scorch                   Fire           42%        2d6       1%          2
 Static Discharge         Conj/Air       100%       3-8/arc   1%          2
 Mephitic Cloud           Conj/Alch/Air  64%        N/A       1%          3
 Airstrike                Air            25%        2d(4-20)  1%          4
 Animate Armour           Summ/Erth      100%       N/A       1%          4
 Flame Wave               Conj/Fire      62%        2d14      1%          4
 Fulminant Prism          Conj/Alch      35%        3d18      1%          4
 Leda's Liquefaction      Alch/Erth      65%        N/A       1%          4
 Olgreb's Toxic Radiance  Alch           51%        N/A       1%          4
 Petrify                  Alch/Erth      100%       N/A       1%          4
 Freezing Cloud           Conj/Ice/Air   29%        6-21      1%          5
 Necrotise                Necr           84%        1d8       2%          1
 Summon Small Mammal      Summ           84%        N/A       2%          1
 Frozen Ramparts          Ice            42%        1d7       2%          3
 Gell's Gravitas          Tloc           39%        N/A       2%          3
 Inner Flame              Hex/Fire       21%        N/A       2%          3
 Teleport Other           Tloc           39%        N/A       2%          3
 Ignite Poison            Fire/Alch      36%        N/A       2%          4
 Sticky Flame             Fire/Alch      36%        2d8       2%          4
 Call Imp                 Summ           42%        N/A       4%          2
 Ensorcelled Hibernation  Hex/Ice        42%        N/A       4%          2
 Jinxbite                 Hex            42%        N/A       4%          2
 Sublimation of Blood     Necr           21%        N/A       4%          2
 Yara's Violent Unravell  Hex/Alch       18%        3d9       7%          5
 Manifold Assault         Tloc           39%        N/A       8%          4
 Passage of Golubria      Tloc           39%        N/A       8%          4
 Call Canine Familiar     Summ           21%        N/A       9%          3
 Confusing Touch          Hex            21%        N/A       9%          3
 Sigil of Binding         Hex            21%        N/A       9%          3
 Summon Ice Beast         Ice/Summ       21%        N/A       9%          3
 Tukima's Dance           Hex            21%        N/A       9%          3
 Summon Lightning Spire   Summ/Air       36%        N/A       10%         4
 Alistair's Intoxication  Alch           34%        N/A       10%         5
 Dimensional Bullseye     Hex/Tloc       15%        N/A       14%         4
 Anguish                  Hex/Necr       10%        N/A       26%         4
 Dispel Undead            Necr           21%        3d11      26%         4
 Summon Blazeheart Golem  Fire/Summ      21%        N/A       26%         4
 Metabolic Englaciation   Hex/Ice        10%        N/A       58%         5
 Summon Mana Viper        Hex/Summ       21%        N/A       58%         5
 Conjure Ball Lightning   Conj/Air       35%        3x3d11    1%          6
 Orb of Destruction       Conj           42%        9d12      1%          7
 Spellforged Servitor     Conj/Summ      31%        N/A       22%         7
 Dispersal                Tloc           19%        N/A       75%         6
 Summon Cactus Giant      Summ           10%        N/A       99%         6
 Ozocubu's Refrigeration  Ice            10%        4d9       99%         7
 Enfeeble                 Hex            10%        N/A       100%        7
 Malign Gateway           Summ/Tloc      15%        N/A       100%        7
 Monstrous Menagerie      Summ           10%        N/A       100%        7
 Summon Hydra             Summ           10%        N/A       100%        7
 Discord                  Hex            10%        N/A       100%        8
 Disjunction              Tloc           19%        N/A       100%        8
 Summon Horrible Things   Summ           10%        N/A       100%        8
 Chain Lightning          Conj/Air       35%        3d46      100%        9
 Fire Storm               Conj/Fire      31%        8d8       100%        9

Inventory:

Missiles
 M - 4 curare-tipped darts
 S - 7 throwing nets
Armour
 f - the +1 helmet of Dogmatism {Dex+6}
   (You found it on level 3 of the Dungeon)

   Dex+6:     It affects your dexterity (+6).
 n - the scarf of Mezcal {repulsion, rElec Dex+3}
   (You found it on level 9 of the Dungeon)

   Dex+3:     It affects your dexterity (+3).
   rElec:     It insulates you from electricity.
 o - a +3 leather armour of fire resistance (worn) {nodragon}
 y - a +2 pair of gloves (worn)
 L - a +1 troll leather armour
 N - the +1 cloak of Fuan {rPois}
   (You bought it in a shop on level 9 of the Dungeon)

   rPois:     It protects you from poison.
 O - a +2 ring mail of willpower
 Q - the +1 robe of Vines {NoPotionHeal Regen++++}
   (You found it on level 3 of the Crypt)

   NoPotionHeal: Its wearer cannot be healed by potions.
   Regen++++: It increases your rate of health regeneration.
 R - +0 acid dragon scales
 U - a +2 robe of willpower
 V - the +0 pair of boots of the Alphagorgon (worn) {MP+9 Str+4}
   (You found it in a Gauntlet)

   Str+4:     It affects your strength (+4).
   MP+9:      It affects your magic capacity (+9).
 W - a +2 cloak of fire resistance (worn)
 Y - a +2 helmet of intelligence (worn)
Magical Staves
 a - a staff of earth (weapon) {norare}
 b - a staff of earth (offhand) {Cyneburga}
 c - the staff of Gluttony {rC+ Dex+7 Conj, norare}
   (You found it on level 3 of the Elven Halls)

   [staff of conjuration]

   Base accuracy: +5 Base damage: 5 Base attack delay: 1.2 This weapon's minimum
   attack delay (0.6) is reached at skill level 12.
   Dex+7:     It affects your dexterity (+7).
   rC+:       It protects you from cold.
   Conj:      It increases the power of your Conjurations spells.
   It falls into the 'Staves' category.
   It is a one-graspered weapon.
Gizmo
 h - an automatic retrowhirligig (installed) {rC+ Regen+ RegenMP+ Slay+3}
   (You invented it yourself on level 4 of the Lair of Beasts)

   [automatic retrowhirligig]

   Slay+3:    It affects your accuracy & damage with ranged weapons and melee
   (+3).
   rC+:       It protects you from cold.
   Regen+:    It increases your rate of health regeneration.
   RegenMP+:  It increases your rate of magic regeneration.
Wands
 v - a wand of warping (47)
 A - a wand of light (34)
 K - a wand of paralysis (46)
 T - a wand of digging (16)
Scrolls
 e - a scroll of enchant armour
 i - 10 scrolls of vulnerability
 j - 9 scrolls of fear
 l - 23 scrolls of teleportation
 w - 5 scrolls of poison
 z - a scroll of fog
 E - 2 scrolls of summoning
 F - 4 scrolls of blinking
 J - a scroll of revelation
 P - 5 scrolls of immolation
 Z - 7 scrolls of amnesia
Potions
 d - 2 potions of invisibility
 g - 5 potions of haste
 k - 21 potions of heal wounds
 m - 4 potions of attraction
 q - 12 potions of might
 r - 9 potions of magic
 s - 3 potions of berserk rage {!q}
 t - 26 potions of curing
 u - 12 potions of brilliance
 x - 8 potions of mutation {!q}
 B - 5 potions of resistance
 C - a potion of cancellation
 H - 3 potions of ambrosia
 I - 9 potions of enlightenment
Miscellaneous
 p - a phantom mirror
 G - a lightning rod (4/4)
 X - a phial of floods


Message History

There is an open door here.
A Hasm, an Executioner, a lich and a ynoxinul come into view.
There is a stone staircase leading up here.
The Executioner gives a hideous shriek!
The ynoxinul bellows!
You climb upwards.
There is a stone staircase leading down here.
A neqoxec comes into view.
There is a stone staircase leading up here.
You climb upwards.
There is a stone staircase leading down here.
Unknown command.
You feel yourself speed up.
There is a stone staircase leading up here.
You climb upwards.
There is a stone staircase leading down here.
There is an escape hatch in the ceiling here.
A mysterious force pulls you upwards. The hatch slams shut behind you.
Your extra speed is starting to run out.
There is a stone staircase leading up here.
You climb upwards.
There is a stone staircase leading down here.
Aiming: Dig
Press: ? - help, Shift-Dir - straight line, f - you Please select a direction to dig.
A stone staircase leading down.
This square is covered in magical glow.
The rock shatters into small pieces.
You feel yourself slow down.
You feel yourself speed up.
Aiming: Dig
Press: ? - help, Shift-Dir - straight line, f - you Please select a direction to dig.
This square is covered in magical glow.
The rock shatters into small pieces.
You enter the shallow water.
Moving in this stuff is going to be slow.
Blink to where?
Press: ? - help, Dir - move target
As you read the scroll of blinking, it crumbles to dust.
A demonspawn warmonger comes into view.
It is wielding a +0 vampiric lajatang and wearing a +0 plate armour of willpower.
You have escaped!

##########.###.#..#.#....##.#.#.#
...# #........#.........#.#..
...###########.#.####.#######.###
.....%.........#.......# #.##.
...########.#####..###.#### #.#.#
#### #...................# #..##
#..P#~#P.....P#~#P..###.### #
#.P##6##P...P##~##P..#..### ###
#..~~~~~..@..~~~~ยค....#.#.. ..#
#.P##~##P...P##~##........# #.#
#..P#~#P.....P#~#P..##...##
#.#####...................#......
#.....................(..........
.............##############......
###...>......# #......
#......##### #...... #......#
#......


You could see a demonspawn warmonger.

Vanquished Creatures
  A dread lich (Zot:5)
  An ancient lich (Zot:5)
  3 orbs of fire
  Mara (Snake:3)
  A royal mummy (Crypt:3)
  Vv (Zot:2)
  3 Killer Klowns (Zot:5)
  Geryon (Hell)
  Saint Roka (Elf:2)
  The ghost of Hali the Executioner, a veteran FoFi of Dithmenos (Crypt:1)
  6 curse toes
  A caustic shrike (Depths:2)
  6 golden dragons
  2 bone dragons (Depths:4)
  Norris (Vaults:4)
  The ghost of rbyellow5 the Bludgeoner, an adept OnWr of the Shining One (Shoals:4)
  13 tentacled monstrosities
  2 electric golems
  Zenata (Elf:2)
  A walking crystal tome (Depths:3)
  Jorgrun (Snake:1)
  20 Orb Guardians
  Rupert (D:15)
  2 liches (Depths:3)
  2 deep elf blademasters
  6 titans
  The ghost of Cexaud the Fencer, an adept DjCK of Xom (Vaults:3)
  The ghost of bayes525 the Peltast, an adept MiBe of Trog (Shoals:4)
  3 sphinxes
  8 searing wretches (Hell)
  The ghost of Strat the Warrior, an adept DrAr of Nemelex Xobeh (Orc:2)
  5 death cobs
  3 quicksilver dragons
  An Executioner (Zot:3)
  6 ancient champions
  Frances (D:12)
  6 tengu reavers
  11 shadow dragons
  Kirke (D:14)
  Roxanne (Elf:3)
  9 storm dragons
  Aizul (Snake:1)
  3 nagarajas
  9 fire giants
  4 draconian shifters
  5 draconian monks
  6 protean progenitors
  A ghost moth (shapeshifter) (Depths:3)
  6 draconian knights
  6 iron dragons
  7 frost giants
  2 ghost moths (Zot:5)
  14 vault wardens
  4 curse skulls
  7 deep elf elementalists (Elf:3)
  6 balrugs
  A caustic shrike zombie (Hell)
  7 draconian scorchers
  Louise (D:14)
  4 deep elf sorcerers
  A juggernaut zombie (Crypt:3)
  4 ghouls
  3 orc warlords
  21 very ugly things
  3 draconian stormcallers
  4 formless jellyfish
  A spriggan defender (Depths:3)
  4 ironbound thunderhulks
  18 ironbound preservers
  The ghost of Meuluz the Fighter, a journeyman GnWn of Sif Muna (Lair:3)
  3 reapers (Hell)
  2 draconian annihilators
  10 green draconians
  9 vampire knights
  7 deep elf death magi
  9 deep elf demonologists
  14 stone giants
  A minotaur (Gauntlet)
  11 black draconians
  Azrael (Snake:3)
  6 yellow draconians
  11 deep elf annihilators
  3 war gargoyles (Vaults:5)
  7 white draconians
  4 purple draconians
  9 dire elephants
  8 red draconians
  8 spark wasps
  4 mummy priests (Crypt:3)
  3 blizzard demons (Hell)
  19 ettins
  2 eidola (Crypt:2)
  An ettin (shapeshifter) (Vaults:5)
  3 merfolk impalers
  5 fire dragons
  19 yaktaur captains
  5 deep elf high priests
  Josephine (D:11)
  8 great orbs of eyes
  The ghost of Chadd the Thrower, a journeyman MiGl of Beogh (Lair:2)
  7 spriggan zombies
  2 entropy weavers
  2 rakshasas (Depths:1)
  6 salamander tyrants
  A sphinx zombie (Hell)
  34 vault guards
  6 hydras
  3 spriggan air magi
  12 centaur warriors
  3 merfolk avatars
  9 ice dragons
  11 anacondas
  A catoblepas (Lair:5)
  4 ironbound frosthearts
  7 ogre magi
  A stoker (Hell)
  5 merfolk aquamancers
  28 two-headed ogres
  27 dancing weapons
  A radroach (Zot:4)
  Erica (D:9)
  13 tengu warriors
  4 alligator snapping turtles
  3 boulder beetles
  7 deep troll shamans
  3 satyrs
  A titan zombie (Vaults:4)
  4 death knights
  8 vampire magi
  4 death yaks
  8 shock serpents
  14 naga sharpshooters
  9 deep troll earth magi
  11 naga warriors
  2 spriggan berserkers
  A hell hog (Depths:4)
  2 occultists
  2 orc high priests
  11 sun demons
  Urug (D:13)
  17 deep elf knights
  11 hell knights
  11 soul eaters
  A spriggan (Depths:3)
  A shadow wraith (Vaults:5)
  8 iron trolls
  A skyshark (shapeshifter) (Depths:3)
  Amaemon (D:10)
  4 sixfirhies
  A titan skeleton (Vaults:5)
  5 skysharks
  Lodul (D:14)
  9 salamander mystics
  A glowing orange brain (Vaults:2)
  2 golden dragon zombies
  61 deep trolls
  4 flayed ghosts
  12 mana vipers
  A large abomination (Abyss:2)
  A shadow demon (Depths:2)
  16 skeletal warriors
  A death drake (Zot:1)
  9 bog bodies
  An anaconda zombie (Crypt:2)
  10 sea snakes
  11 orc knights
  A sun moth (Shoals:4)
  A swamp dragon (D:14)
  6 deep elf archers
  A glowing orange brain (shapeshifter) (Depths:4)
  A shadow dragon zombie (Crypt:1)
  10 arcanists
  5 naga ritualists
  2 tengu zombies
  5 thermic dynamos
  16 ironbound convokers
  A steelbarb worm (shapeshifter) (Vaults:5)
  4 harpies
  12 phantasmal warriors
  21 deep elf pyromancers
  21 deep elf zephyrmancers
  16 lindwurms
  12 necromancers
  2 oklob plants (Lair:2)
  2 worldbinders
  2 stone giant zombies (Hell)
  6 manticores
  31 ugly things
  16 fauns
  26 salamanders
  3 wolf spiders
  3 orc sorcerers
  13 moths of wrath
  An iron dragon zombie (Crypt:1)
  4 fire giant zombies
  A tengu skeleton (Vaults:1)
  8 cyclopes
  7 merfolk sirens
  20 elephants
  3 meliai (D:12)
  12 guardian serpents
  An apocalypse crab (Abyss:2)
  2 kobold blastminers
  A stone giant skeleton (Vaults:4)
  A jorogumo skeleton (Crypt:1)
  40 black mambas
  4 torpor snails
  5 rust devils
  2 molten gargoyles (D:11)
  5 water nymphs
  A dire elephant zombie (Crypt:1)
  6 smoke demons
  10 naga magi
  11 vault sentinels
  A storm dragon simulacrum (Vaults:4)
  3 unseen horrors
  3 gargoyles
  A yellow draconian zombie (Crypt:3)
  Maggie (D:10)
  An orange demon (D:10)
  2 rime drakes (Lair:5)
  12 cane toads
  2 hellions
  10 freezing wraiths
  2 dire elephant skeletons
  A sea snake zombie (Crypt:2)
  An alligator snapping turtle skeleton (Crypt:3)
  2 kobold demonologists
  15 komodo dragons
  35 yaktaurs
  34 guardian mummies (Crypt:3)
  A tengu conjurer (Shoals:3)
  A harpy zombie (Crypt:3)
  A minotaur skeleton (Crypt:1)
  A yaktaur skeleton (Vaults:5)
  20 merfolk
  A sea snake skeleton (Hell)
  6 trolls
  A merfolk (shapeshifter) (Vaults:5)
  A hydra skeleton (Crypt:3)
  A hydra zombie (Hell)
  An ancient zyme (Abyss:2)
  A tyrant leech (Zot:4)
  Grinder (D:3)
  A yellow draconian skeleton (Crypt:3)
  A tarantella (shapeshifter) (Vaults:5)
  4 hornets
  2 glass eyes (Zot:4)
  3 wind drakes
  A glass eye (shapeshifter) (Depths:4)
  26 blink frogs
  5 human skeletons (Vaults:4)
  2 raiju (D:11)
  9 dream sheep
  2 ettin zombies
  2 centaur simulacra (Gauntlet)
  An ettin skeleton (Crypt:1)
  10 snapping turtles
  An air elemental (Elf:2)
  2 ice dragon zombies (Crypt:1)
  51 slime creatures
  A ynoxinul (Gauntlet)
  4 shadows
  3 vampires
  10 water elementals
  6 ushabtiu (Crypt:3)
  16 wyverns
  A yak (shapeshifter) (Vaults:5)
  23 wraiths
  79 yaks
  2 steam dragons (D:7)
  A golden eye (shapeshifter) (D:15)
  3 hogs (D:14)
  3 fire elementals
  A golden eye (Lair:2)
  3 basilisks
  10 vampire mosquitoes
  An elf skeleton (Vaults:3)
  A fire bat (Abyss:2)
  A redback simulacrum (Gauntlet)
  6 redbacks
  A yaktaur simulacrum (Vaults:1)
  A fire bat zombie (Crypt:2)
  A faun zombie (Crypt:3)
  14 wargs
  A chaos spawn (Abyss:2)
  A glowing shapeshifter zombie (Hell)
  39 nagas
  A harpy simulacrum (Gauntlet)
  An acid dragon (D:10)
  A naga (shapeshifter) (Vaults:5)
  3 small abominations (Abyss:2)
  9 hell hounds
  A naga skeleton (Crypt:1)
  A merfolk skeleton (Crypt:3)
  21 water moccasins
  A spectral troll (Orc:2)
  A black bear (D:5)
  A faun skeleton (Crypt:1)
  30 orc warriors
  2 sky beasts (D:6)
  2 ice beasts (D:8)
  A lindwurm zombie (Crypt:2)
  13 laughing skulls
  17 boggarts
  4 wolves (Depths:2)
  25 ogres
  8 centaurs
  2 weeping skulls
  6 kobold brigands
  2 spectral wargs (Depths:2)
  13 bullfrogs
  3 earth elementals (Elf:1)
  4 scorpions
  2 gnoll sergeants (D:10)
  A water moccasin zombie (D:7)
  8 wights
  A wyvern skeleton (Crypt:1)
  6 killer bees (D:9)
  A shapeshifter zombie (Crypt:3)
  7 howler monkeys
  5 electric eels
  10 lava snakes
  3 bullfrog zombies (D:7)
  4 crimson imps (Depths:1)
  4 jellies
  A kobold simulacrum (Orc:2)
  A centaur zombie (Crypt:1)
  5 human zombies
  4 hounds
  20 orc priests
  A bombardier beetle (D:3)
  4 iron imps (Gauntlet)
  A boggart zombie (Crypt:1)
  A sleepcap (D:5)
  2 iguanas (D:4)
  21 orc wizards
  A crocodile zombie (Crypt:2)
  A crocodile skeleton (Crypt:1)
  2 hound zombies (Crypt:1)
  6 mummies
  A howler monkey zombie (D:7)
  4 gnolls (D:2)
  6 adders
  2 ogre simulacra (Orc:2)
  A steam dragon zombie (Crypt:2)
  A shadow imp (D:7)
  A white imp (D:7)
  2 orc simulacra (Orc:2)
  8 dart slugs
  4 ribbon worms
  103 orcs
  A bat skeleton (Crypt:3)
  4 endoplasms
  5 giant cockroaches
  9 goblins
  A hobgoblin (D:1)
  A jackal (D:4)
  2 quokkas
  2 ball pythons (D:4)
  2 bats
  4 frilled lizards
  23 kobolds
  A quokka skeleton (Crypt:2)
  A quokka zombie (Crypt:2)
  3 rats
  10 aspiring fleshes
  A lurking horror (Abyss:2)
2368 creatures vanquished.

Vanquished Creatures (others)
  A human (D:14)
1 creature vanquished.

Grand Total: 2369 creatures vanquished

Notes
Turn   | Place    | Note
-------+----------+-------------------------------------------
     0 | D:1      | elliptic the Coglin Earth Elementalist began the quest for
                  | the Orb.
     0 | D:1      | Reached XP level 1. HP: 13/13 MP: 3/3
   198 | D:1      | Reached skill level 3 in Earth Magic
   250 | D:1      | Reached XP level 2. HP: 19/19 MP: 1/5
   585 | D:1      | Found a faded altar of an unknown god.
   677 | D:1      | Reached XP level 3. HP: 24/24 MP: 4/6
   995 | D:2      | why
  1006 | D:2      | meh
  1126 | D:2      | hm
  1126 | D:2      | fairly terrified
  1185 | D:3      | lo
  1185 | D:3      | l
  1191 | D:3      | Found a shimmering altar of Xom.
  1254 | D:3      | Found a shimmering blue altar of Sif Muna.
  1259 | D:3      | hm sif
  1259 | D:3      | eh
  1414 | D:3      | Reached XP level 4. HP: 29/30 MP: 4/7
  1530 | D:3      | Noticed Grinder
  1677 | D:3      | ugh
  2377 | D:4      | Got the Tractate on the Alluring Bonfire
  2381 | D:4      | Reached XP level 5. HP: 35/35 MP: 5/8
  2591 | D:4      | what
  2886 | D:5      | Entered Level 5 of the Dungeon
  3448 | D:2      | Reached XP level 6. HP: 41/41 MP: 7/9
  3638 | D:3      | Reached skill level 6 in Earth Magic
  4053 | D:5      | Reached XP level 7. HP: 46/46 MP: 7/10
  4144 | D:5      | Found a faded altar of an unknown god.
  4144 | D:5      | Found the Hermit's Pendant {Faith Invo=14 Evo=0 MP+5}
  4145 | D:5      | Noticed a shadow
  4146 | D:5      | what why
  4230 | D:5      | why
  4230 | D:5      | this is so bad
  4299 | D:5      | hm
  4334 | D:5      | Reached skill level 1 in Fighting
  4407 | D:5      | Found an opulent altar of Gozag.
  4599 | D:6      | Reached skill level 3 in Spellcasting
  4646 | D:6      | ugh
  4666 | D:6      | Reached XP level 8. HP: 37/54 MP: 7/13
  4864 | D:6      | Learned a level 3 spell: Passwall
  4978 | D:6      | Reached skill level 1 in Conjurations
  4982 | D:6      | Learned a level 3 spell: Stone Arrow
  5557 | D:7      | hm
  5656 | D:7      | Reached skill level 3 in Conjurations
  5778 | D:6      | meh
  5917 | D:5      | Found a staircase to the Ecumenical Temple.
  5928 | Temple   | Entered the Ecumenical Temple
  5945 | Temple   | Became a worshipper of Vehumet
  6283 | D:5      | Killed a shadow
  6632 | D:7      | Reached XP level 9. HP: 59/59 MP: 5/15
  7107 | D:7      | Reached skill level 6 in Conjurations
  7177 | D:7      | Found a stormy altar of Qazlal.
  7183 | D:7      | Found a snail-covered altar of Cheibriados.
  7187 | D:7      | Found a white marble altar of Elyvilon.
  7187 | D:7      | Found a hide-covered altar of Uskayaw.
  7195 | D:7      | Found an iron altar of Okawaru.
  7250 | D:7      | Noticed a two-headed ogre
  7256 | D:7      | hm
  7268 | D:8      | Reached skill level 2 in Fighting
  7330 | D:8      | Noticed a boulder beetle
  7331 | D:8      | .........
  7369 | D:7      | Found an ancient bone altar of Kikubaaqudgha.
  7410 | D:7      | Reached * piety under Vehumet
  7410 | D:7      | Offered knowledge of Foxfire by Vehumet.
  7509 | D:7      | Found a sparkling altar of Nemelex Xobeh.
  7596 | D:7      | Found an ornate altar of the Wu Jian Council.
  7691 | D:7      | Learned a level 4 spell: Brom's Barrelling Boulder
  7914 | D:8      | why
  8047 | D:8      | ...........
  8047 | D:8      | why
  8456 | D:8      | Reached skill level 6 in Spellcasting
  8552 | D:8      | Reached XP level 10. HP: 67/67 MP: 15/19
  8677 | D:7      | why
  9205 | D:9      | Found Jotos's Antique Armour Shoppe.
  9221 | D:9      | why
  9231 | D:9      | Offered knowledge of Mercury Vapours by Vehumet.
  9236 | D:9      | Reached ** piety under Vehumet
  9334 | D:9      | Found Nuepi's Assorted Antiques.
  9342 | D:9      | Bought a forked fluorescent wand for 96 gold pieces
  9342 | D:9      | Bought a dark potion for 21 gold pieces
  9342 | D:9      | meh
  9393 | D:9      | Found a shadowy altar of Dithmenos.
  9393 | D:9      | Noticed a two-headed ogre
  9410 | D:9      | Killed a two-headed ogre
  9526 | D:9      | Identified the scarf of Mezcal {repulsion, rElec Dex+3}
  9542 | D:9      | Reached skill level 9 in Conjurations
  9542 | D:9      | Reached skill level 9 in Earth Magic
 10058 | D:9      | Noticed Erica
 10059 | D:9      | hi
 10059 | D:9      | hm
 10064 | D:9      | Killed Erica
 10065 | D:9      | Reached XP level 11. HP: 57/72 MP: 2/20
 10307 | D:9      | Found Gyptaatz's Antique Armour Emporium.
 10423 | D:9      | Learned a level 2 spell: Blink
 10426 | D:10     | Entered Level 10 of the Dungeon
 10427 | D:10     | hi
 10428 | D:10     | Noticed Amaemon
 10586 | D:10     | Learned a level 3 spell: Mephitic Cloud
 10625 | D:10     | Reached skill level 1 in Alchemy
 10682 | D:10     | Reached skill level 1 in Air Magic
 10789 | D:10     | Noticed Maggie
 10810 | D:10     | Killed Maggie
 11006 | D:9      | Bought a transparent cloak for 323 gold pieces
 11006 | D:9      | Identified the +1 cloak of Fuan {rPois} (You bought it in a
                  | shop on level 9 of the Dungeon)
 11085 | D:10     | Noticed a two-headed ogre
 11272 | D:10     | Gained mutation: You are agile. (Dex +4, Str/Int -1)
                  | [potion of mutation]
 11382 | D:10     | Offered knowledge of Momentum Strike by Vehumet.
 11396 | D:10     | Killed Amaemon
 11525 | D:10     | Found a staircase to the Lair.
 11708 | D:10     | Found a bloodstained altar of Trog.
 11739 | D:10     | Noticed an ogre mage
 11740 | D:10     | what
 11744 | D:10     | Killed an ogre mage
 11909 | D:10     | Reached *** piety under Vehumet
 12005 | D:10     | Noticed a tengu warrior
 12021 | D:10     | Killed a tengu warrior
 12249 | D:10     | Killed a two-headed ogre
 12250 | D:10     | Reached skill level 3 in Fighting
 12300 | D:10     | Reached skill level 3 in Dodging
 12300 | D:10     | Reached XP level 12. HP: 81/81 MP: 16/21
 12388 | D:10     | Noticed a two-headed ogre
 12406 | D:10     | Found a staircase to the Orcish Mines.
 12429 | D:10     | Killed a two-headed ogre
 12735 | D:10     | Noticed a two-headed ogre
 12748 | D:10     | Killed a two-headed ogre
 12918 | D:10     | Found a roughly hewn altar of Beogh.
 13022 | D:11     | Noticed Josephine
 13022 | D:11     | Found a frozen archway.
 13023 | D:11     | why
 13078 | D:11     | Offered knowledge of Iskenderun's Mystic Blast by Vehumet.
 13084 | D:11     | Learned a level 4 spell: Iskenderun's Mystic Blast
 13166 | D:11     | meh
 13651 | D:8      | hm
 13694 | D:8      | Killed a boulder beetle
 13799 | D:8      | Found a broken altar of Ashenzari.
 14101 | D:7      | Found a basalt altar of Yredelemnul.
 14162 | D:7      | Killed a two-headed ogre
 14246 | D:3      | Killed Grinder
 14462 | D:3      | Identified the +1 helmet of Dogmatism {Dex+6}
 14662 | D:9      | Bought a potion of curing for 72 gold pieces
 14722 | Lair:1   | Entered Level 1 of the Lair of Beasts
 14845 | Lair:1   | why
 15137 | Lair:1   | Reached skill level 4 in Fighting
 15316 | Lair:1   | Reached skill level 5 in Fighting
 15490 | Lair:2   | Found a staircase to the Shoals.
 15579 | Lair:2   | Reached **** piety under Vehumet
 15626 | Lair:2   | Found a runed translucent door.
 15633 | Lair:2   | Noticed Chadd's ghost (journeyman MiGl)
 15917 | Lair:2   | Offered knowledge of Lee's Rapid Deconstruction by Vehumet.
 15919 | Lair:2   | ugh
 15991 | Lair:2   | why
 16019 | Lair:2   | Reached XP level 13. HP: 87/93 MP: 6/23
 16042 | Lair:2   | Learned a level 5 spell: Lee's Rapid Deconstruction
 16819 | Lair:3   | Found a runed translucent gate.
 16820 | Lair:3   | Found a runed translucent gate.
 16821 | Lair:3   | Found a runed translucent gate.
 16822 | Lair:3   | Noticed Meuluz's ghost (journeyman GnWn)
 17506 | Lair:3   | Reached skill level 9 in Spellcasting
 17610 | Lair:3   | Found a staircase to the Snake Pit.
 18036 | Lair:3   | Reached skill level 6 in Fighting
 18626 | Lair:4   | Reached skill level 6 in Dodging
 18854 | Lair:4   | good tele
 18866 | Lair:4   | Reached skill level 7 in Fighting
 19024 | Lair:4   | Reached ***** piety under Vehumet
 19074 | Lair:4   | Offered knowledge of Starburst by Vehumet.
 19402 | Lair:4   | Reached XP level 14. HP: 104/104 MP: 18/27
 19402 | Lair:4   | Acquired an automatic retrowhirligig {rC+ Regen+ RegenMP+
                  | Slay+3}
 19523 | Lair:4   | Upgraded the game from 0.32-a0-571-gec57dfcd37 to
                  | 0.32-a0-576-g706899e69d
 19544 | Lair:4   | Reached skill level 8 in Fighting
 19693 | Lair:4   | Got Sif Muna's Compilation of Galvanic Lava
 20064 | Lair:5   | Entered Level 5 of the Lair of Beasts
 20498 | Lair:5   | Reached skill level 9 in Fighting
 20542 | Lair:5   | Identified the +2 leather armour of the Tsukumogami {Harm
                  | rC+ Int+4}
 20663 | Lair:5   | Reached skill level 3 in Air Magic
 20765 | Lair:5   | Learned a level 5 spell: Arcjolt
 21132 | Lair:5   | Offered knowledge of Irradiate by Vehumet.
 21600 | Lair:5   | Found a staircase to the Slime Pits.
 21747 | Lair:5   | Learned a level 5 spell: Irradiate
 21792 | Lair:5   | Reached skill level 3 in Alchemy
 21916 | Lair:3   | Killed Meuluz's ghost
 21917 | Lair:3   | Reached XP level 15. HP: 84/113 MP: 9/30
 21943 | Lair:3   | Identified the +4 broad axe "Foguw" {protect, rPois rCorr
                  | Str-3 SInv}
 22076 | Lair:2   | Killed Chadd's ghost
 22351 | D:11     | Killed Josephine
 22552 | D:11     | oh
 23149 | D:12     | Found a gate leading to a gauntlet.
 23158 | Gauntlet | Entered a Gauntlet
 23158 | Gauntlet | Found a runed translucent gate.
 23158 | Gauntlet | Found a transporter.
 23158 | Gauntlet | Found a runed translucent gate.
 23158 | Gauntlet | Found a runed translucent gate.
 23158 | Gauntlet | Found a transporter.
 23160 | Gauntlet | Found a transporter.
 23160 | Gauntlet | Found a transporter.
 23174 | Gauntlet | Found a transporter.
 23186 | Gauntlet | Found a transporter.
 23187 | Gauntlet | Found a transporter.
 23196 | Gauntlet | Found a transporter.
 23212 | Gauntlet | Found a transporter.
 23226 | Gauntlet | Found a transporter.
 23230 | Gauntlet | Found a transporter.
 23238 | Gauntlet | Found a transporter.
 23305 | Gauntlet | Reached skill level 12 in Spellcasting
 23344 | Gauntlet | Identified the +0 pair of boots of the Alphagorgon {MP+9
                  | Str+4}
 23416 | Gauntlet | Identified the +7 sling of Peril {speed, *Corrode Str+9}
 23417 | Gauntlet | Got the Almanac of the Storm and Violence
 23674 | D:12     | Offered knowledge of Plasma Beam by Vehumet.
 24018 | D:12     | Noticed Frances
 24241 | Orc:1    | Entered Level 1 of the Orcish Mines
 24256 | Orc:1    | Found a dark tunnel.
 24261 | Volcano  | Entered a volcano
 24428 | Volcano  | Found a bloodstained altar of Trog.
 24815 | Orc:2    | Entered Level 2 of the Orcish Mines
 24827 | Orc:2    | Found Rawk's Antique Armour Shop.
 25311 | Orc:2    | Found Oboos's Book Shop.
 25426 | Orc:1    | Learned a level 6 spell: Bombard
 25896 | Orc:2    | Found Iqim's Antique Weapon Boutique.
 25979 | Orc:2    | Found a roughly hewn altar of Beogh.
 25996 | Orc:2    | Found Numoduju's Magic Scroll Boutique.
 26010 | Orc:2    | Bought a scroll of teleportation for 33 gold pieces
 26010 | Orc:2    | Bought a scroll of amnesia for 44 gold pieces
 26050 | Orc:2    | Offered knowledge of Spellforged Servitor by Vehumet.
 26236 | Orc:2    | Reached XP level 16. HP: 120/120 MP: 27/34
 26326 | Orc:2    | Found a runed translucent gate.
 26326 | Orc:2    | Found a runed translucent gate.
 26327 | Orc:2    | Found a runed translucent gate.
 26402 | Orc:2    | Noticed Strat's ghost (adept DrAr)
 26433 | Orc:2    | Found Kusomuic's Distillery.
 26516 | Orc:2    | Found Middot's Distillery.
 26536 | Orc:2    | Reached skill level 12 in Conjurations
 26536 | Orc:2    | Reached skill level 12 in Earth Magic
 26718 | Orc:2    | Found a staircase to the Elven Halls.
 26742 | Orc:2    | Found Ennuile's Magic Scroll Shop.
 26747 | Orc:2    | Bought a scroll of teleportation for 42 gold pieces
 26747 | Orc:2    | Bought a scroll of teleportation for 42 gold pieces
 26882 | Orc:2    | Killed Strat's ghost
 26920 | Orc:2    | Bought a potion of heal wounds for 70 gold pieces
 26920 | Orc:2    | Lost mutation: You are agile. (Dex +4, Str/Int -1) [potion
                  | of mutation]
 26920 | Orc:2    | Gained mutation: You possess an exceptional clarity of
                  | mind. [potion of mutation]
 26920 | Orc:2    | Gained mutation: Your health recovers twice as slowly from
                  | being drained. [potion of mutation]
 26954 | Orc:2    | Bought a potion of heal wounds for 80 gold pieces
 27003 | Orc:2    | Bought a scroll of revelation for 82 gold pieces
 27186 | D:12     | Killed Frances
 27348 | D:13     | Found Xufideab's Antique Armour Emporium.
 27359 | D:13     | Bought a crude leather armour for 126 gold pieces
 27359 | D:13     | Identified the +0 leather armour of the Dull Circus Animal
                  | {rPois Str+4} (You bought it in a shop on level 13 of the
                  | Dungeon)
 27507 | D:13     | Noticed Urug
 27509 | D:13     | um
 27509 | D:13     | Found Feexanka's Distillery.
 27511 | D:13     | Killed Urug
 27535 | D:13     | Bought a potion of heal wounds for 90 gold pieces
 27535 | D:13     | Bought a potion of heal wounds for 90 gold pieces
 27535 | D:13     | Bought a potion of heal wounds for 90 gold pieces
 27551 | D:14     | Noticed Lodul
 27567 | D:14     | Killed Lodul
 27634 | D:14     | Reached skill level 9 in Dodging
 27653 | D:14     | Noticed Louise
 27656 | D:14     | why
 27673 | D:14     | Killed Louise
 27808 | D:13     | Found Niahorou's General Store.
 27817 | D:13     | Reached skill level 10 in Fighting
 27857 | D:13     | Bought a potion of heal wounds for 60 gold pieces
 27857 | D:13     | Bought a potion of heal wounds for 60 gold pieces
 27972 | D:13     | Found Muics's Antique Weapon Emporium.
 28381 | D:13     | Offered knowledge of Fireball by Vehumet.
 28433 | D:13     | Found a gate to the Vaults.
 28590 | D:13     | Found Caasoeme's Magic Scroll Shop.
 28598 | D:13     | Bought a scroll of amnesia for 56 gold pieces
 28598 | D:13     | Bought a scroll of amnesia for 56 gold pieces
 28778 | D:14     | Noticed Nessos
 28779 | D:14     | Nessos changed into Nessos the swamp dragon
 28779 | D:14     | Noticed Nessos
 28783 | D:14     | Killed Nessos the swamp dragon
 28871 | D:14     | Noticed Kirke
 28888 | D:14     | Killed Kirke
 28917 | D:14     | Got Sif Muna's Essays on Bewitchment and the Barrage
 29647 | D:15     | Entered Level 15 of the Dungeon
 29719 | D:15     | Found a shadowy altar of Dithmenos.
 29791 | D:15     | Reached skill level 11 in Fighting
 29857 | D:15     | Noticed Rupert
 30142 | D:15     | Found a staircase to the Depths.
 30461 | D:13     | Bought a transparent whip for 240 gold pieces
 30461 | D:13     | Identified the +5 whip "Pendulum" {drain, rCorr Str+3} (You
                  | bought it in a shop on level 13 of the Dungeon)
 30683 | Snake:1  | Entered Level 1 of the Snake Pit
 30781 | Snake:1  | Identified the serpent talisman of the Lair of Beasts {rN+
                  | Str+4 Int+3}
 30781 | Snake:1  | Noticed Aizul
 30839 | Snake:1  | Killed Aizul
 31290 | Snake:1  | Noticed Jorgrun
 31297 | Snake:1  | Killed Jorgrun
 31374 | Snake:1  | Reached XP level 17. HP: 133/133 MP: 35/35
 31683 | Snake:2  | Reached skill level 12 in Fighting
 31807 | Snake:2  | Reached skill level 1 in Armour
 31989 | Snake:2  | well
 31999 | Snake:2  | Reached skill level 3 in Armour
 32036 | Snake:2  | Found Akamesk's Antique Armour Shoppe.
 32044 | Snake:2  | Bought a faintly glowing leather armour for 252 gold pieces
 32044 | Snake:2  | Identified the +3 leather armour of the Eggfruit {rF+ rC+
                  | Int-5 Dex+3} (You bought it in a shop on level 2 of the
                  | Snake Pit)
 32057 | Snake:2  | Offered knowledge of Iskenderun's Battlesphere by Vehumet.
 32310 | Snake:2  | Found Gopryr's Weapon Shoppe.
 32514 | Snake:2  | hm
 32955 | Snake:2  | Reached skill level 6 in Armour
 33695 | Snake:3  | Reached skill level 1 in Translocations
 33855 | Snake:3  | Noticed Mara
 33884 | Snake:3  | Reached skill level 3 in Translocations
 34068 | Snake:3  | Noticed Azrael
 34128 | Snake:3  | Killed Azrael
 34197 | Snake:3  | Found a white marble altar of Elyvilon.
 34263 | Snake:3  | Killed Mara
 34449 | Snake:4  | Entered Level 4 of the Snake Pit
 34454 | Snake:4  | Reached ****** piety under Vehumet
 35353 | Snake:4  | Reached XP level 18. HP: 137/140 MP: 36/36
 35366 | Snake:4  | Offered knowledge of Eringya's Noxious Bog by Vehumet.
 36758 | Snake:4  | Got a serpentine rune of Zot
 37033 | Shoals:1 | Entered Level 1 of the Shoals
 37266 | Shoals:1 | Offered knowledge of Lehudib's Crystal Spear by Vehumet.
 37266 | Shoals:1 | Offered knowledge of Shatter by Vehumet.
 37266 | Shoals:1 | Offered knowledge of Polar Vortex by Vehumet.
 37267 | Shoals:1 | hm
 37698 | Shoals:1 | Identified the +0 spear of Kindness {elec, rC+ Str+3}
 39394 | Shoals:4 | Entered Level 4 of the Shoals
 39436 | Shoals:4 | hm
 39556 | Shoals:4 | why
 39823 | Shoals:4 | Reached XP level 19. HP: 146/146 MP: 36/37
 39871 | Shoals:4 | Found Meqiraci's Distillery.
 39877 | Shoals:4 | Reached skill level 15 in Conjurations
 39877 | Shoals:4 | Reached skill level 15 in Earth Magic
 40739 | Shoals:4 | Bought a potion of heal wounds for 70 gold pieces
 40767 | Shoals:4 | Got a barnacled rune of Zot
 40832 | Shoals:4 | Found a runed translucent gate.
 40832 | Shoals:4 | Found a runed translucent gate.
 40832 | Shoals:4 | Found a runed translucent gate.
 40833 | Shoals:4 | Noticed bayes525's ghost (adept MiBe)
 40835 | Shoals:4 | Noticed rbyellow5's ghost (adept OnWr)
 41272 | Elf:1    | Entered Level 1 of the Elven Halls
 41369 | Elf:1    | oh
 41478 | Elf:1    | what
 41860 | Elf:1    | Learned a level 8 spell: Lehudib's Crystal Spear
 42133 | Elf:1    | Identified the +4 quarterstaff "Vaar" {drain, ^Drain MP+9
                  | Dex+3}
 42252 | Elf:2    | Noticed Zenata
 42253 | Elf:2    | hm
 42309 | Elf:2    | eh
 42405 | Elf:1    | no
 42472 | Elf:2    | stop it
 42475 | Elf:2    | why
 42485 | Elf:2    | Killed Zenata
 42786 | Elf:2    | Found a runed translucent gate.
 42786 | Elf:2    | Found a runed translucent gate.
 42786 | Elf:2    | Found a runed translucent gate.
 42981 | Elf:2    | Noticed Saint Roka
 42995 | Elf:2    | Killed Saint Roka
 43622 | Elf:2    | Reached XP level 20. HP: 153/153 MP: 17/38
 44043 | Elf:3    | Entered Level 3 of the Elven Halls
 44094 | Abyss:2  | Cast into level 2 of the Abyss (a deep elf sorcerer)
 44095 | Abyss:2  | sigh
 44235 | Abyss:2  | Found a corrupted altar of Lugonu.
 44243 | Abyss:2  | Found a corrupted altar of Lugonu.
 44243 | Abyss:2  | Found a corrupted altar of Lugonu.
 44489 | Abyss:2  | Found a corrupted altar of Lugonu.
 44527 | Elf:3    | Escaped the Abyss
 44530 | Elf:3    | Reached skill level 18 in Earth Magic
 44636 | Elf:3    | Noticed Roxanne
 44640 | Elf:3    | Killed Roxanne
 44938 | Elf:3    | Found Vuchusov's Antique Weapon Boutique.
 45205 | Elf:3    | Identified the +4 war axe of Discord {freeze, rElec}
 45240 | Elf:3    | Identified the +3 falchion of the Sun {flame, rElec rF-
                  | Str+5 Int+3}
 45242 | Elf:3    | Identified the +3 morningstar "Itaosh" {vamp, Will++}
 45468 | Elf:3    | Identified the +2 robe of Eppay {rN+}
 45471 | Elf:3    | Identified the +9 falchion of Dried Tears {freeze, rPois
                  | rN+}
 45967 | Elf:3    | Identified the staff of Gluttony {rC+ Dex+7 Conj}
 45969 | Elf:3    | hm
 45980 | Elf:3    | Identified the +2 cloak "Suep" {rN+}
 46433 | D:15     | Found a shadowy altar of Dithmenos.
 46558 | D:15     | Found a staircase to the Depths.
 46749 | D:15     | Killed Rupert
 47064 | Snake:2  | Bought a glowing helmet for 270 gold pieces
 47275 | Orc:2    | Bought a scroll of enchant armour for 105 gold pieces
 47308 | Orc:2    | Learned a level 9 spell: Shatter
 47465 | Vaults:1 | Entered Level 1 of the Vaults
 47495 | Vaults:1 | Found Suganilea's Armour Boutique.
 47802 | Vaults:1 | Found Hailoeheni's Assorted Antiques.
 47908 | Vaults:1 | Found Oshokugeso's Jewellery Emporium.
 48134 | Vaults:1 | Found a runed translucent gate.
 48134 | Vaults:1 | Found a runed translucent gate.
 48134 | Vaults:1 | Found an ancient bone altar of Kikubaaqudgha.
 48134 | Vaults:1 | Found a runed translucent gate.
 48134 | Vaults:1 | Noticed Qecvurom's ghost (adept DrRe)
 48134 | Vaults:1 | Noticed Qoas's ghost (adept GnCA)
 48134 | Vaults:1 | Noticed a dread lich
 48135 | Vaults:1 | Noticed Jeb Mum's ghost (veteran DsFE)
 48151 | Vaults:1 | Found Reva's Weapon Shoppe.
 48176 | Vaults:1 | Reached XP level 21. HP: 159/159 MP: 10/39
 49517 | Vaults:2 | Found a portal to a secret trove of treasure.
 49959 | Vaults:2 | Reached skill level 21 in Earth Magic
 50463 | Vaults:2 | Found a runed translucent door.
 50840 | Vaults:3 | Paralysed by a formless jellyfish for 1 turns
 51648 | Vaults:3 | Found a runed translucent door.
 51651 | Vaults:3 | Noticed Cexaud's ghost (adept DjCK)
 51669 | Vaults:3 | Identified the +6 quarterstaff "Qeugga" {heavy, Will+}
 51833 | Vaults:3 | Identified the +7 battleaxe of Xaaff {venom, rPois rF++
                  | rN+}
 51977 | Vaults:3 | Found a staircase to the Crypt.
 51977 | Vaults:3 | Found an ancient bone altar of Kikubaaqudgha.
 51977 | Vaults:3 | Found a basalt altar of Yredelemnul.
 52383 | Vaults:3 | Killed Cexaud's ghost
 52928 | Vaults:4 | Reached XP level 22. HP: 151/165 MP: 19/40
 53012 | Vaults:4 | Noticed Norris
 53023 | Vaults:4 | Killed Norris
 53577 | Vaults:4 | ow
 54577 | Shoals:4 | Killed bayes525's ghost
 54614 | Shoals:4 | Killed rbyellow5's ghost
 55007 | Crypt:1  | Entered Level 1 of the Crypt
 55363 | Crypt:1  | Reached skill level 24 in Earth Magic
 55767 | Crypt:1  | Found a runed translucent door.
 55767 | Crypt:1  | Noticed Hali's ghost (veteran FoFi)
 56100 | Crypt:1  | Killed Hali's ghost
 56137 | Crypt:1  | Identified the +2 scale mail "Xaeride" {+Inv Regen+ Int+3}
 56866 | Crypt:2  | Reached XP level 23. HP: 163/164 MP: 30/41
 57262 | Crypt:3  | Entered Level 3 of the Crypt
 57461 | Crypt:3  | Found a staircase to the Tomb.
 58621 | Crypt:3  | Reached skill level 13 in Fighting
 58649 | Crypt:3  | Identified the staff "Gekh" {rN+ Str+2 Necro}
 58703 | Crypt:3  | Noticed a royal mummy
 58709 | Crypt:3  | Killed a royal mummy
 59355 | Crypt:3  | Found the +1 robe of Vines {NoPotionHeal Regen++++}
 59700 | Depths:1 | Entered Level 1 of the Depths
 59849 | Depths:1 | Found a one-way gate to the infinite horrors of the Abyss.
 59865 | Depths:1 | Reached skill level 14 in Fighting
 60035 | Depths:1 | Found a gateway to Hell.
 60111 | Depths:1 | Reached skill level 15 in Fighting
 60298 | Depths:1 | Lost mutation: You possess an exceptional clarity of mind.
                  | [potion of mutation]
 60298 | Depths:1 | Lost mutation: Your health recovers twice as slowly from
                  | being drained. [potion of mutation]
 60298 | Depths:1 | Gained mutation: Your spells are a little easier to cast,
                  | but a little less powerful. [potion of mutation]
 60298 | Depths:1 | Gained mutation: You have supernaturally acute eyesight.
                  | (SInv) [potion of mutation]
 60299 | Depths:1 | Lost mutation: Your spells are a little easier to cast, but
                  | a little less powerful. [potion of mutation]
 60299 | Depths:1 | Lost mutation: You have supernaturally acute eyesight.
                  | (SInv) [potion of mutation]
 60299 | Depths:1 | Gained mutation: Your movements are slightly less
                  | encumbered by armour. (ER -2) [potion of mutation]
 60299 | Depths:1 | Gained mutation: You are clumsy. (Dex -2) [potion of
                  | mutation]
 60300 | Depths:1 | fine
 60383 | Depths:1 | Found a one-way gateway to a ziggurat.
 60601 | Depths:1 | Found a one-way gate leading to the halls of Pandemonium.
 60680 | Depths:1 | Found a shimmering altar of Xom.
 61084 | Depths:2 | Reached skill level 16 in Fighting
 61213 | Depths:2 | Acquired 1001 gold pieces
 61327 | Depths:2 | oh this
 61600 | Depths:2 | Found The Legendary Xyonesk's Legendary Smithy.
 61621 | Depths:2 | Reached XP level 24. HP: 193/193 MP: 41/41
 61642 | Depths:2 | Found a broken altar of Ashenzari.
 61644 | Depths:2 | Found Sicso's Miraculous Elixirs.
 61645 | Depths:2 | Reached skill level 17 in Fighting
 61785 | Depths:2 | Found Patt's General Store.
 62026 | Depths:2 | Found a radiant altar of Vehumet.
 62106 | Depths:2 | Found a roughly hewn altar of Beogh.
 62378 | Depths:2 | eh
 62378 | Depths:2 | Lost mutation: Your movements are slightly less encumbered
                  | by armour. (ER -2) [potion of mutation]
 62378 | Depths:2 | Lost mutation: You are clumsy. (Dex -2) [potion of
                  | mutation]
 62378 | Depths:2 | Gained mutation: You have a pair of small horns on your
                  | head. [potion of mutation]
 62378 | Depths:2 | Gained mutation: Your muscles are strong. (Str +4, Int/Dex
                  | -1) [potion of mutation]
 62378 | Depths:2 | Gained mutation: Your muscles are very strong. (Str +8,
                  | Int/Dex -2) [potion of mutation]
 62379 | Depths:2 | Lost mutation: You have a pair of small horns on your head.
                  | [potion of mutation]
 62379 | Depths:2 | Lost mutation: Your muscles are very strong. (Str +8,
                  | Int/Dex -2) [potion of mutation]
 62379 | Depths:2 | Gained mutation: Your body sometimes deteriorates upon
                  | taking damage. [potion of mutation]
 62379 | Depths:2 | Gained mutation: Your spells are a little easier to cast,
                  | but a little less powerful. [potion of mutation]
 62379 | Depths:2 | Gained mutation: You possess an exceptional clarity of
                  | mind. [potion of mutation]
 62380 | Depths:2 | Lost mutation: You possess an exceptional clarity of mind.
                  | [potion of mutation]
 62380 | Depths:2 | Lost mutation: Your spells are a little easier to cast, but
                  | a little less powerful. [potion of mutation]
 62380 | Depths:2 | Lost mutation: Your muscles are strong. (Str +4, Int/Dex
                  | -1) [potion of mutation]
 62380 | Depths:2 | Gained mutation: Your flesh is cold resistant. (rC+)
                  | [potion of mutation]
 62380 | Depths:2 | Lost mutation: Your body sometimes deteriorates upon taking
                  | damage. [potion of mutation]
 62380 | Depths:2 | Gained mutation: Your muscles are strong. (Str +4, Int/Dex
                  | -1) [potion of mutation]
 62380 | Depths:2 | Gained mutation: You have a somewhat thin skeletal
                  | structure. (Dex +2, Stealth+) [potion of mutation]
 62622 | Orc:2    | Bought a potion of mutation for 112 gold pieces
 62622 | Orc:2    | Bought a potion of mutation for 112 gold pieces
 62622 | Orc:2    | Lost mutation: Your flesh is cold resistant. (rC+) [potion
                  | of mutation]
 62622 | Orc:2    | Lost mutation: Your muscles are strong. (Str +4, Int/Dex
                  | -1) [potion of mutation]
 62622 | Orc:2    | Gained mutation: You are agile. (Dex +4, Str/Int -1)
                  | [potion of mutation]
 62622 | Orc:2    | Gained mutation: Your system is resistant to poisons.
                  | (rPois) [potion of mutation]
 62622 | Orc:2    | Lost mutation: You are agile. (Dex +4, Str/Int -1) [potion
                  | of mutation]
 62623 | Orc:2    | Lost mutation: You have a somewhat thin skeletal structure.
                  | (Dex +2, Stealth+) [potion of mutation]
 62623 | Orc:2    | Lost mutation: Your system is resistant to poisons. (rPois)
                  | [potion of mutation]
 62623 | Orc:2    | Gained mutation: You occasionally lose the ability to read
                  | scrolls when taking damage. [potion of mutation]
 62623 | Orc:2    | Gained mutation: Your muscles are strong. (Str +4, Int/Dex
                  | -1) [potion of mutation]
 62623 | Orc:2    | Gained mutation: Your flesh is heat resistant. (rF+)
                  | [potion of mutation]
 62893 | Depths:2 | Bought a potion of mutation for 400 gold pieces
 62893 | Depths:2 | Lost mutation: Your flesh is heat resistant. (rF+) [potion
                  | of mutation]
 62893 | Depths:2 | Lost mutation: Your muscles are strong. (Str +4, Int/Dex
                  | -1) [potion of mutation]
 62893 | Depths:2 | Gained mutation: You do not regenerate when monsters are
                  | visible. [potion of mutation]
 62893 | Depths:2 | Gained mutation: You are clumsy. (Dex -2) [potion of
                  | mutation]
 62893 | Depths:2 | Gained mutation: Your muscles are strong. (Str +4, Int/Dex
                  | -1) [potion of mutation]
 62894 | Depths:2 | Bought a potion of mutation for 400 gold pieces
 62894 | Depths:2 | Lost mutation: You occasionally lose the ability to read
                  | scrolls when taking damage. [potion of mutation]
 62894 | Depths:2 | Lost mutation: You are clumsy. (Dex -2) [potion of
                  | mutation]
 62894 | Depths:2 | Lost mutation: You do not regenerate when monsters are
                  | visible. [potion of mutation]
 62894 | Depths:2 | Gained mutation: You occasionally lose the ability to read
                  | scrolls when taking damage. [potion of mutation]
 62894 | Depths:2 | Gained mutation: You are robust. (+10% HP) [potion of
                  | mutation]
 62894 | Depths:2 | Gained mutation: You are partially covered in iridescent
                  | scales. (AC +2) [potion of mutation]
 62895 | Depths:2 | eh
 62895 | Depths:2 | Bought a potion of mutation for 400 gold pieces
 62895 | Depths:2 | Lost mutation: You are partially covered in iridescent
                  | scales. (AC +2) [potion of mutation]
 62895 | Depths:2 | Lost mutation: You occasionally lose the ability to read
                  | scrolls when taking damage. [potion of mutation]
 62895 | Depths:2 | Lost mutation: You are robust. (+10% HP) [potion of
                  | mutation]
 62895 | Depths:2 | Gained mutation: You have a pair of small horns on your
                  | head. [potion of mutation]
 62895 | Depths:2 | Gained mutation: You passively map a small area around you.
                  | [potion of mutation]
 62896 | Depths:2 | Bought a potion of mutation for 400 gold pieces
 62896 | Depths:2 | Lost mutation: Your muscles are strong. (Str +4, Int/Dex
                  | -1) [potion of mutation]
 62896 | Depths:2 | Lost mutation: You have a pair of small horns on your head.
                  | [potion of mutation]
 62896 | Depths:2 | Gained mutation: You are robust. (+10% HP) [potion of
                  | mutation]
 62897 | Depths:2 | yay
 62981 | Depths:3 | Reached skill level 18 in Fighting
 63131 | Depths:3 | Noticed a caustic shrike
 63139 | Depths:2 | Killed a caustic shrike
 63186 | Depths:3 | Reached skill level 19 in Fighting
 63712 | Depths:3 | Found a bloodstained altar of Trog.
 64114 | Depths:3 | Learned a level 1 spell: Apportation
 64588 | Depths:3 | Identified the +9 chain mail "Atuffet" {rN+ Will+ Regen+
                  | Str-2}
 64694 | Depths:4 | Entered Level 4 of the Depths
 64863 | Depths:4 | hm
 64865 | Depths:4 | Reached skill level 20 in Fighting
 64953 | Depths:4 | Reached XP level 25. HP: 179/234 MP: 19/41
 65047 | Depths:4 | Reached skill level 21 in Fighting
 65076 | Depths:4 | Found a gate to the Realm of Zot.
 65659 | Hell     | Entered the Vestibule of Hell
 65659 | Hell     | Noticed Geryon
 65672 | Hell     | Killed Geryon
 65673 | Hell     | Reached skill level 22 in Fighting
 65782 | Depths:2 | Learned a level 3 spell: Swiftness
 66004 | Vaults:5 | Entered Level 5 of the Vaults
 66007 | Vaults:5 | Reached skill level 23 in Fighting
 66109 | Vaults:5 | Reached skill level 24 in Fighting
 66297 | Vaults:5 | Reached XP level 26. HP: 254/254 MP: 41/41
 66966 | Vaults:5 | Got a silver rune of Zot
 67027 | Vaults:5 | Identified the +0 plate armour of Leolot {rC- rCorr Dex+3
                  | Slay+4}
 67065 | Vaults:5 | Got the Cyclopedia of Monotheism
 67210 | Vaults:5 | Identified the ring "Yfykk" {rN+++ Will+ rCorr Str+6 Dex-3}
 67699 | D:13     | Bought a potion of enlightenment for 90 gold pieces
 67699 | D:13     | Bought a potion of curing for 54 gold pieces
 67699 | D:13     | Bought a potion of curing for 54 gold pieces
 67699 | D:13     | Bought a potion of resistance for 180 gold pieces
 67699 | D:13     | Bought a potion of brilliance for 72 gold pieces
 67892 | Orc:2    | Bought a potion of haste for 140 gold pieces
 67892 | Orc:2    | Bought a potion of curing for 42 gold pieces
 67892 | Orc:2    | Bought a potion of haste for 140 gold pieces
 67892 | Orc:2    | Bought a potion of curing for 42 gold pieces
 67892 | Orc:2    | Bought a potion of resistance for 140 gold pieces
 67925 | Orc:2    | Bought a potion of resistance for 160 gold pieces
 67925 | Orc:2    | Bought a potion of brilliance for 64 gold pieces
 67925 | Orc:2    | Bought a potion of curing for 48 gold pieces
 67925 | Orc:2    | Bought a potion of curing for 48 gold pieces
 67925 | Orc:2    | Bought a potion of ambrosia for 128 gold pieces
 67925 | Orc:2    | Bought a potion of curing for 48 gold pieces
 67925 | Orc:2    | Bought a potion of curing for 48 gold pieces
 68119 | Shoals:4 | Bought a potion of curing for 42 gold pieces
 68119 | Shoals:4 | Bought a potion of curing for 42 gold pieces
 68119 | Shoals:4 | Bought 2 potions of magic for 224 gold pieces
 68119 | Shoals:4 | Bought a potion of curing for 42 gold pieces
 68425 | Depths:2 | Bought a potion of resistance for 140 gold pieces
 68425 | Depths:2 | Bought a scroll of amnesia for 56 gold pieces
 68444 | Depths:2 | Bought a potion of mutation for 400 gold pieces
 68444 | Depths:2 | Bought a potion of mutation for 400 gold pieces
 68444 | Depths:2 | Bought a potion of mutation for 400 gold pieces
 68444 | Depths:2 | Bought a potion of mutation for 400 gold pieces
 68444 | Depths:2 | Bought a potion of mutation for 400 gold pieces
 68444 | Depths:2 | Bought a potion of mutation for 400 gold pieces
 68521 | Zot:1    | Entered Level 1 of the Realm of Zot
 68569 | Zot:2    | Reached skill level 25 in Fighting
 68573 | Zot:2    | Noticed Vv
 68671 | Zot:2    | Noticed an orb of fire
 68671 | Zot:2    | Gained mutation: Your flesh is cold resistant. (rC+) [an
                  | orb of fire]
 68672 | Zot:2    | hi?
 68677 | Zot:2    | Gained mutation: You are dopey. (Int -2) [an orb of fire]
 68678 | Zot:2    | Killed an orb of fire
 68707 | Zot:2    | okay
 68709 | Zot:3    | well
 68939 | Zot:1    | why
 68960 | Zot:1    | hm
 68973 | Zot:1    | Reached skill level 26 in Fighting
 69177 | Zot:2    | Killed Vv
 69573 | Zot:3    | Reached skill level 27 in Fighting
 69711 | Zot:3    | Reached XP level 27. HP: 199/273 MP: 20/41
 69806 | Zot:3    | Reached skill level 15 in Spellcasting
 69897 | Zot:4    | why
 69950 | Zot:4    | Noticed an electric golem
 69954 | Zot:4    | Noticed an orb of fire
 69955 | Zot:4    | sigh
 70173 | Zot:4    | Killed an orb of fire
 70203 | Zot:4    | Killed an electric golem
 70586 | Zot:5    | Entered Level 5 of the Realm of Zot
 70779 | Zot:5    | why
 71073 | Zot:5    | Noticed an ancient lich
 71082 | Zot:5    | Killed an ancient lich
 71136 | Zot:5    | Noticed an orb of fire
 71141 | Zot:5    | Killed an orb of fire
 71355 | Zot:5    | Noticed an electric golem
 71358 | Zot:5    | Killed an electric golem
 71379 | Zot:5    | Noticed a dread lich
 71381 | Zot:5    | Killed a dread lich
 71555 | Zot:5    | Got the Orb of Zot
 71974 | D:6      | Noticed Hasm the pandemonium lord
 72073 | D:$      | Escaped with the Orb!

Levels and vault maps discovered:
D:1:      eino_arrival_water_cross, layout_basic,
          shapermc_ecumenical_altar_pompeii
D:2:      layout_basic, hangedman_decor_lopped, patterned_corridor
D:3:      layout_basic, dk_xom_monty_hall, mainiacjoe_overflow_alcove_1,
          serial_bayou, serial_bayou_pond_d, serial_bayou_pond_a,
          serial_bayou_crossing, serial_bayou_ford_a, lemuel_flame_loot_1,
          uniq_grinder
D:4:      layout_basic, minmay_distorted
D:5:      layout_gridville, mainiacjoe_overflow_cross_hatched,
          minmay_temple_entry_antechambers, hellmonk_guarded_unrand_hermit
D:6:      layout_rooms, serial_aquarium, aquarium_bridge_square
          [aquarium_subvault_bridge, aquarium_subvault_bridge,
          aquarium_subvault_window, aquarium_subvault_bridge],
          aquarium_bridge_long_separate [aquarium_subvault_bridge,
          aquarium_subvault_wall, aquarium_subvault_wall,
          aquarium_subvault_wall, aquarium_subvault_bridge,
          aquarium_subvault_bridge], aquarium_window_3, aquarium_window_fake,
          aquarium_view_2d, aquarium_view_2g, aquarium_pool_double
D:7:      layout_loops_ring, lemuel_mausoleum_altar_yredelemnul,
          nemelex_spade_bored_becter, nicolae_wu_jian_immortal_techniques,
          nicolae_overflow_hallway_of_the_gods, general_overflow_altar
D:8:      layout_loops_ring, mainiacjoe_overflow_alcove_4, grunt_ministairs_6
D:9:      layout_rooms, overflow_temple_1_default, serial_shops,
          nicolae_shop_tiny_waterfront, nicolae_shop_pleasant_corner_grove,
          kennysheep_mini_moat, nicolae_elevator_lobby_plus, uniq_erica
D:10:     wad_guarded_room, layout_basic, lightli_temple_of_fire,
          lair_entry_dummy, minmay_orc_entry_temple_small, uniq_amaemon,
          uniq_maggie
D:11:     cheibrodos_magma_flow, layout_long_grid,
          portal_ice_cave_entry_pillars_2, nicolae_have_a_lightning_rod,
          uniq_josephine
D:12:     layout_irregular_city, gauntlet_entry_generic, uniq_frances
D:13:     layout_long_grid, hangedman_vaults_entry_quadrant_bands, serial_shops,
          shop, nicolae_shop_stone, nicolae_stop_n_shop_2,
          nicolae_stop_n_shop_1, shop, chequers_serial_rivers_small_a,
          statue_in_the_mist_lemuel, minivault_25_ag, uniq_urug
D:14:     layout_basic, kennysheep_boxes, lemuel_nasty_fountain, uniq_kirke,
          uniq_lodul, uniq_nessos, uniq_louise
D:15:     hangedman_depths_entry_try_elsewhere_first, layout_irregular_city,
          nicolae_dithmenos_shadow_blocks, uniq_rupert
Temple:   nicolae_temple_bog_church
Lair:1:   layout_gridlike, grunt_megastairs_5, lemuel_fruit_fields
Lair:2:   layout_cellular_growth, shoals_dummy_entry,
          hellmonk_ghost_happy_afterlife, disabler_island
Lair:3:   layout_gridlike, guppyfry_snake_entry_garden,
          gammafunk_ghost_hydra_chop, infiniplex_staircase_pool_2,
          lemuel_fruit_fields
Lair:4:   layout_cave_pods, pond, infiniplex_staircase_pool
Lair:5:   hangedman_lair_tendril_chambers, layout_layer_cave, slime_entry_2,
          serial_bayou_shore_a
Shoals:1: layout_shoals
Shoals:2: layout_shoals
Shoals:3: layout_shoals, kb_tengu_band
Shoals:4: shoals_end_grunt_garden, layout_shoals, gammafunk_ghost_cemetery,
          serial_shops, nicolae_diamond_shop, nicolae_shoals_bring_sunscreen
Snake:1:  layout_onion_interference, serial_bayou_pond_c, uniq_jorgrun,
          uniq_aizul
Snake:2:  layout_chambers, serial_shops, shop, grunt_megastairs_2,
          minmay_shop_star
Snake:3:  layout_rooms, basic_altar, serial_bayou_shore_b,
          nicolae_triple_integral, uniq_azrael, uniq_mara
Snake:4:  snake_pit_salamanders_mu, layout_chambers, grunt_megastairs_3
Orc:1:    layout_caves, enter_volcano_4, serial_shops
Orc:2:    st_orc_town, layout_caves, serial_shops, shop, shop,
          nicolae_shop_back_alley_shop, gammafunk_ghost_necromancy
Elf:1:    layout_geoelf_grid, nicolae_elf_crossing_hall
Elf:2:    elven_hall_of_blades_hangedman_original
          [nicolae_blade_entry_hurt_lockers], layout_loops_corners, uniq_zenata,
          uniq_saint_roka
Elf:3:    minmay_elf_hall_x, layout_rooms, serial_shops,
          nicolae_shop_pleasant_corner_grove, uniq_roxanne
Vaults:1: gammafunk_ghost_crypt, nicolae_vaults_network_quinsquares
          [nicolae_vaults_network_quincunx_subvault,
          nicolae_vaults_network_quincunx_subvault,
          nicolae_vaults_network_quincunx_subvault,
          nicolae_vaults_network_quincunx_subvault], v_misc_5,
          nicolae_vaults_hexular_roomagon, v_misc_18, hangedman_vaults_nails,
          nicolae_vaults_surprise_closet, nicolae_vaults_tangram_1,
          vaults_room_corners, nicolae_vaults_ring_of_whatevers,
          grunt_vaults_focal, vaults_room_pool, vaults_room_stairs_pillars,
          vaults_dpeg_hooks, layout_vaults_chaotic_city, serial_shops, shop,
          shop, nicolae_shop_dealshenge, shop
Vaults:2: vaults_mumra_chevron, nicolae_vaults_little_squares_4, v_rooms_4,
          vaults_room_fours, v_misc_15, hangedman_vaults_river_flow,
          nicolae_vaults_oozy_zoo, nicolae_vaults_lightning_bolt,
          ontoclasm_vaults_chip, nicolae_vaults_little_ls, vaults_mumra_hexcomb,
          nicolae_vaults_little_squares_4, vaults_dpeg_diagonal,
          nicolae_vaults_apartment_2, layout_vaults_ring, enter_trove_1
Vaults:3: hellmonk_ghost_big_iron, nicolae_vaults_angled_halls, v_misc_1,
          nicolae_vaults_diamond_1, vaults_room_pools,
          ontoclasm_vaults_loading_screen, minmay_crypt_entry_necro_gods,
          nicolae_vaults_windows_and_doors_thing, layout_vaults_omnigrid
Vaults:4: nicolae_vaults_storage_room_doors,
          nicolae_vaults_variable_pillar_hall, v_misc_14,
          dpeg_vaults_monster_row, nicolae_vaults_mush_room,
          nicolae_vaults_stairing_the_circle, nicolae_vaults_two_Ls, v_misc_18,
          nicolae_vaults_sealed_display, nicolae_vaults_tetromino_L_1,
          nicolae_vaults_border_crossing, layout_vaults_omnicross, uniq_margery,
          uniq_norris
Vaults:5
Crypt:1:  layout_chaotic_city, gammafunk_ghost_grave,
          serial_sigils_hangedman_snap, st_stairs_3,
          nicolae_crypt_cryptocurrency, grunt_crypt_arrival_split
Crypt:2:  layout_basic
Crypt:3:  due_elkab, layout_chaotic_city
Depths:1: layout_basic, enter_ziggurat_e, hangedman_geh_valley, abyss_entry,
          minmay_misc_feat_chi, rand_demon_pan_entry_9, minmay_misc_feat_five,
          led_xom_imps
Depths:2: grated_community_mu [grated_community_mu_vampire_home,
          grated_community_mu_giant_home, grated_community_mu_spellcaster_home,
          grated_community_mu_orcish_home, grated_community_mu_troll_home,
          grated_community_mu_taur_home, grated_community_mu_unbuilt_plot],
          layout_twisted_cross, grunt_hell_entry_dis_old,
          rand_demon_pan_entry_4, abyss_entry_small_statue_room
Depths:3: minmay_triangles_in_corner, layout_cave_pools,
          trog_three_pillars_becter, abyss_entry_crystal, hellmouth_1,
          minmay_metal_thing, firewood_loft
Depths:4: grunt_zot_entry_tricorne, layout_cross, grunt_decor_resistance,
          hellmouth_3, serial_bayou_shore_b
Hell
Zot:1:    dreamdust_black_sun_cult, layout_basic
Zot:2:    layout_onion, hellmonk_greenhouse_of_terror,
          regret_index_zotdec_banners, uniq_vv
Zot:3:    layout_onion, ebering_ghost_rock_garden
Zot:4:    regret_index_zot_pan_timeshare, layout_misc_corridors
Zot:5:    layout_misc_corridors, nicolae_lava_and_water

Action                     |  1- 3 |  4- 6 |  7- 9 | 10-12 | 13-15 | 16-18 | 19-21 | 22-24 | 25-27 || total
---------------------------+-------+-------+-------+-------+-------+-------+-------+-------+-------++-------
  Melee: Dagger            |       |       |     1 |     2 |       |       |       |       |       ||     3
         Staff             |       |       |       |     3 |     2 |    15 |    12 |     2 |       ||    34
         Demon whip        |       |       |       |     1 |       |       |       |       |       ||     1
  Throw: Dart              |       |       |     1 |       |       |       |     5 |       |       ||     6
   Cast: Sandblast         |    45 |    69 |   116 |   187 |   129 |       |       |       |       ||   546
         Stone Arrow       |       |       |    37 |   181 |   586 |    21 |       |       |       ||   825
         Brom's Barrelling |       |       |     2 |       |       |       |       |       |       ||     2
         Mephitic Cloud    |       |       |       |    20 |     8 |       |       |       |       ||    28
         Blink             |       |       |       |     3 |       |     1 |       |     5 |     2 ||    11
         Iskenderun's Myst |       |       |       |     1 |       |       |       |       |       ||     1
         Lee's Rapid Decon |       |       |       |       |    40 |    19 |   306 |   102 |    19 ||   486
         Arcjolt           |       |       |       |       |    43 |    37 |     6 |       |     2 ||    88
         Irradiate         |       |       |       |       |    16 |    16 |     2 |     2 |     3 ||    39
         Bombard           |       |       |       |       |    43 |   668 |   142 |       |       ||   853
         Lehudib's Crystal |       |       |       |       |       |       |   223 |   410 |   241 ||   874
         Shatter           |       |       |       |       |       |       |     1 |    68 |   121 ||   190
         Apportation       |       |       |       |       |       |       |       |     1 |     3 ||     4
Ability: Invent Gizmo      |       |       |       |       |     1 |       |       |       |       ||     1
  Evoke: Wand              |       |       |       |    12 |     4 |     3 |     1 |     1 |     9 ||    30
         Lightning rod     |       |       |       |       |       |     2 |     1 |     3 |     4 ||    10
    Use: Scroll            |       |     4 |    12 |     6 |     9 |     3 |     8 |     3 |     7 ||    52
         Potion            |       |       |     1 |     1 |       |     4 |     1 |    14 |    20 ||    41
 Armour: Leather armour    |     5 |     6 |       |       |       |    80 |    24 |       |   116 ||   231
         Ring mail         |       |    14 |    25 |       |       |       |       |    18 |       ||    57
         Robe              |       |       |    37 |    44 |     3 |       |    54 |    80 |    77 ||   295
         Troll leather arm |       |       |       |   107 |   211 |    92 |    18 |       |       ||   428
         Steam dragon scal |       |       |       |     2 |       |       |       |       |       ||     2
  Dodge: Dodged            |     1 |     3 |    54 |    89 |   222 |   184 |    68 |    73 |    82 ||   776
         Repelled          |       |       |       |     3 |       |       |     8 |       |       ||    11
